 Seeded DCSS version 0.30.0-10-gfe55d96785 (webtiles) character file.

Game seed: 1882581695637917331 (custom seed)

423871 bmack86 the Executioner (level 22, -8/316 HPs)
             Began as a Minotaur Fighter on May 16, 2023.
             Was an Elder of Okawaru.
             Mangled by a starflower (9 damage)
             ... on level 3 of the Abyss.
             The game lasted 03:32:46 (50346 turns).

bmack86 the Executioner (Minotaur Fighter)         Turns: 50346, Time: 03:32:46

Health: -8/316     AC: 33    Str: 25    XL:     22   Next: 70%
Magic:  0/28       EV:  9    Int: 13    God:    Okawaru [****..]
Gold:   7658       SH: 24    Dex: 13    Spells: 21/21 levels left

rFire   + . .        Q - +9 broad axe (pain)
rCold   + + +        G - +0 tower shield {rPois}
rNeg    . . .        K - +7 gold dragon scales
rPois   +            C - +3 crown of Dyrovepreva {rElec Int+2 SInv}
rElec   +            U - +2 cloak of the Ward {rC+ Dex+3}
rCorr   .            Z - +1 pair of gloves {infuse}
SInv    +            T - +2 pair of boots {Fly}
Will    +++++        y - amulet of Amaec {Spirit rPois Dex+2} Stlth
                     r - ring of the Original Sin {rC+ Will+ SInv}
HPRegen 0.72/turn    x - ring "Vavuil" {rPois Will+++ Str-3 Int+6}
MPRegen 0.21/turn

%: random rage (9%), guardian spirit
@: berserking (expiring), heroic, corroded, flying, hasted, studying 2 skills,
very quick
A: horns 2, retaliatory headbutt, [berserk 2], [clumsy 1], [deformed body],
[dopey 1], [low MP 1], [screaming 1], [weak 1], [inability to read after injury
1]
}: 2/15 runes: decaying, gossamer
a: Renounce Religion, Heroism, Finesse


You were on level 3 of the Abyss.
You worshipped Okawaru.
Okawaru was greatly pleased with you.
You visited 8 branches of the dungeon, and saw 39 of its levels.
You visited the Abyss 2 times.
You also visited: Sewer, Bailey and Ice Cave.

You collected 8800 gold pieces.
You spent 1142 gold pieces at shops.

Inventory:

Hand Weapons
 p - the +8 battleaxe of Neurosis {vamp, rElec Dex+3}
   (You took it off a deep elf death mage on level 3 of the Elven Halls)

   Dex:       It affects your dexterity (+3).
   rElec:     It insulates you from electricity.
 N - a +6 broad axe of flaming
 Q - a +9 broad axe of pain (weapon)
Missiles
 f - 11 silver javelins
 o - 10 boomerangs (quivered)
 F - 10 curare-tipped darts
 H - 14 throwing nets
Armour
 C - the +3 crown of Dyrovepreva (worn) {rElec Int+2 SInv}
   (You found it on level 3 of the Elven Halls)

   Int:       It affects your intelligence (+2).
   rElec:     It insulates you from electricity.
   SInv:      It lets you see invisible.
 G - a +0 tower shield of poison resistance (worn)
 K - +7 gold dragon scales (worn)
 T - a +2 pair of boots of flying (worn)
 U - the +2 cloak of the Ward (worn) {rC+ Dex+3}
   (Okawaru gifted it to you on level 1 of the Spider Nest)

   Dex:       It affects your dexterity (+3).
   rC:        It protects you from cold.
 Z - a +1 pair of gloves of infusion (worn)
Jewellery
 n - an amulet of reflection
 q - the ring of Voliv {Str+3 Dex+3 SInv}
   (You acquired it on level 4 of the Lair of Beasts)

   [ring of see invisible]

   Str:       It affects your strength (+3).
   Dex:       It affects your dexterity (+3).
   SInv:      It lets you see invisible.
 r - the ring of the Original Sin (left hand) {rC+ Will+ SInv}
   (You found it on level 14 of the Dungeon)

   [ring of protection from cold]

   rC:        It protects you from cold.
   SInv:      It lets you see invisible.
   Will:      It increases your willpower.
 s - an amulet of magic regeneration
 t - a ring of ice
 x - the ring "Vavuil" (right hand) {rPois Will+++ Str-3 Int+6}
   (You found it on level 3 of the Elven Halls)

   [ring of intelligence]

   Str:       It affects your strength (-3).
   Int:       It affects your intelligence (+6).
   rPois:     It protects you from poison.
   Will:      It greatly increases your willpower.
 y - the amulet of Amaec (around neck) {Spirit rPois Dex+2}
   (You found it on level 3 of the Elven Halls)

   [amulet of guardian spirit]

   It causes incoming damage to be divided between your reserves of health and
   magic.
   Dex:       It affects your dexterity (+2).
   rPois:     It protects you from poison.
 A - an amulet of guardian spirit
 J - a +6 ring of intelligence
 M - an amulet of faith
 O - the ring of Disaster {Ice Str+5 Stlth-}
   (You found it on level 3 of the Elven Halls)

   [ring of ice]

   It enhances your ice magic.
   Str:       It affects your strength (+5).
   rF:        It makes you vulnerable to fire.
   rC:        It protects you from cold.
   Stlth:     It makes you less stealthy.
 Y - the ring "Mego" {rF+ rCorr}
   (You acquired it on level 3 of the Lair of Beasts)

   [ring of protection from fire]

   rF:        It protects you from fire.
   rCorr:     It protects you from acid and corrosion.
Wands
 d - a wand of polymorph (12)
 e - a wand of flame (25)
 u - a wand of iceblast (61)
 z - a wand of digging (15)
 I - a wand of light (35)
 X - a wand of mindburst (25)
Scrolls
 a - 4 scrolls of fog
 l - a scroll of blinking
 w - 15 scrolls of teleportation
 B - 8 scrolls of immolation
 D - 6 scrolls of fear
 L - 4 scrolls of magic mapping
 S - 9 scrolls of poison
Potions
 c - 4 potions of berserk rage
 g - 11 potions of ambrosia
 h - a potion of cancellation
 i - 15 potions of curing
 j - a potion of flight
 k - 6 potions of invisibility
 m - a potion of heal wounds
 v - 5 potions of haste
 E - 4 potions of resistance
 R - 7 potions of mutation
 V - 3 potions of magic
Miscellaneous
 b - a lightning rod (4/4)


   Skills:
 + Level 20.9(25.9) Fighting
 + Level 22.5(27) Axes
 - Level 10.0(15.0) Throwing
 + Level 20.8(25.8) Armour
 + Level 20.5(25.5) Shields
 + Level 11.2 Necromancy
 - Level 15.0 Invocations
 - Level 8.0 Evocations


You had 21 spell levels left.
You didn't know any spells.
Your spell library contained the following spells:

 Spells                   Type           Power      Damage    Failure   Level
 Necrotise                Necr           100%       1d9       2%          1
 Sublimation of Blood     Necr           29%        N/A       4%          2
 Vampiric Draining        Necr           29%        2d8       9%          3
 Dispel Undead            Necr           29%        3d13      26%         4
 Kiss of Death            Conj/Necr      56%        2d9       28%         1
 Agony                    Necr           29%        N/A       58%         5
 Cigotuvi's Dreadful Rot  Necr/Pois/Air  18%        N/A       65%         2
 Apportation              Tloc           0%         N/A       95%         1
 Slow                     Hex            0%         N/A       95%         1
 Blink                    Tloc           0%         N/A       99%         2
 Ensorcelled Hibernation  Hex/Ice        0%         N/A       99%         2
 Passwall                 Tmut/Erth      0%         N/A       99%         2
 Confusing Touch          Hex            0%         N/A       100%        3
 Dazzling Flash           Conj/Hex       0%         N/A       100%        3
 Ignite Poison            Fire/Tmut/Pois 0%         N/A       100%        3
 Ozocubu's Armour         Ice            0%         N/A       100%        3
 Stone Arrow              Conj/Erth      0%         3d7       100%        3
 Swiftness                Air            0%         N/A       100%        3
 Cause Fear               Hex            0%         N/A       100%        4
 Leda's Liquefaction      Hex/Erth       0%         N/A       100%        4
 Manifold Assault         Tloc           0%         N/A       100%        4
 Passage of Golubria      Tloc           0%         N/A       100%        4
 Petrify                  Tmut/Erth      0%         N/A       100%        4
 Sticky Flame             Conj/Fire      0%         2d3       100%        4
 Alistair's Intoxication  Tmut/Pois      0%         N/A       100%        5
 Arcjolt                  Conj/Air       0%         1d10      100%        5
 Irradiate                Conj/Tmut      0%         3d11      100%        5
 Lee's Rapid Deconstruct  Erth           0%         3d4*      100%        5
 Metabolic Englaciation   Hex/Ice        0%         N/A       100%        5
 Silence                  Hex/Air        0%         N/A       100%        5
 Yara's Violent Unravell  Hex/Tmut       0%         3d3       100%        5
 Dispersal                Tloc           0%         N/A       100%        6
 Eringya's Noxious Bog    Tmut/Pois      0%         N/A       100%        6
 Iron Shot                Conj/Erth      0%         9d1       100%        6
 Statue Form              Tmut/Erth      0%         N/A       100%        6
 Dragon Form              Tmut           0%         N/A       100%        7
 Ozocubu's Refrigeration  Ice            0%         4d7       100%        7
 Storm Form               Tmut/Air       0%         N/A       100%        7
 Disjunction              Tloc           0%         N/A       100%        8
 Ignition                 Fire           0%         3d3       100%        8
 Lehudib's Crystal Spear  Conj/Erth      0%         10d2      100%        8
 Maxwell's Capacitive Co  Air            0%         ∞         100%        8
 Chain Lightning          Conj/Air       0%         N/A       100%        9
 Tukima's Dance           Hex            Unusable   N/A       N/A         3
 Animate Armour           Summ/Erth      Unusable   N/A       N/A         4
 Summon Forest            Summ/Tloc      Unusable   N/A       N/A         5
 Simulacrum               Ice/Necr       Unusable   N/A       N/A         6
 Summon Hydra             Summ           Unusable   N/A       N/A         7
 Dragon's Call            Summ           Unusable   N/A       N/A         9

Dungeon Overview and Level Annotations

Branches:
Dungeon (15/15)            Temple (1/1) D:7            Lair (5/5) D:10
  Swamp (4/4) Lair:2       Spider (4/4) Lair:2        Slime (0/5) Lair:4
    Orc (2/2) D:11            Elf (3/3) Orc:2        Vaults (4/5) D:14
  Crypt (0/3) Vaults:2     Depths (0/4) D:15          Sewer (visited)
 Bailey (visited)           IceCv (visited)

Altars:
Cheibriados
Dithmenos
Elyvilon
Gozag
Hepliaklqana
Kikubaaqudgha
Makhleb
Nemelex Xobeh
Okawaru
Qazlal
Ru
Sif Muna
Vehumet
Wu Jian
Xom
The Shining One
Jiyva
Lugonu

Shops:
D:15 [   Orc:2 *(=(   Elf:1 (   Elf:3 [   Vaults:1 :**

Portals:
Trove: D:11 (give horn of Geryon)

Annotations:
Spider:4 2 transporters, themargong's ghost, adept BaSu


Innate Abilities, Weirdness & Mutations

You have a pair of horns on your head.
You reflexively headbutt those who attack you in melee.
[You have an uncontrollable temper.]
[You are clumsy. (Dex -2)]
[Armour fits poorly on your strangely shaped body.]
[You are dopey. (Int -2)]
[Your magical capacity is low. (-10% MP)]
[You occasionally shout uncontrollably at your foes.]
[You are weak. (Str -2)]
[You occasionally lose the ability to read scrolls when taking damage.]


Message History

You destroy the starspawn tentacle!
You hit the starcursed mass.
The starcursed mass shudders and is absorbed by its neighbour.
The starflower tentacle-slaps you from afar!
* * * LOW HITPOINT WARNING * * *
You block the starflower's attack.
A starcursed mass splits.
You slice the starcursed mass!!
The starcursed mass is almost destroyed.
You hit the starcursed mass.
The starcursed mass shudders and is absorbed by its neighbour. x2
Unknown command.
You cut the starcursed mass into ribbons!!!
You headbutt the starcursed mass, but do no damage.
The starcursed mass is severely damaged.
The starcursed mass shudders and is absorbed by its neighbour.
Tentacles burst from the starspawn's body!
The starflower tentacle-slaps you from afar!
* * * LOW HITPOINT WARNING * * *
Space warps around you.
* * * LOW HITPOINT WARNING * * *
You block the starflower's attack. 2 starspawn tentacles come into view.
You are too berserk!
You slice the starspawn tentacle!!
You destroy the starspawn tentacle!
You block the starflower's attack. x2; A starcursed mass splits.
You slice the starcursed mass!!
You destroy the starcursed mass!
Okawaru accepts your kill.
You slice the starcursed mass!!
The starcursed mass shudders and is absorbed by its neighbour.
You slice the starcursed mass like a ripe choko!!!
You destroy the starcursed mass!
Okawaru accepts your kill.
The starflower tentacle-slaps you from afar.
* * * LOW HITPOINT WARNING * * *
You blink.
The starflower tentacle-slaps you but does no damage.
The starflower tentacle-slaps you from afar!
You die...

#.. ### # # # #
#. #.# ... .##
. #. # #.## #.#
# . .#
##...###...#
... .#
#.....#P. .# .
.. ...#
##♣♣.♣...∩....#
. . . ...⌠..
.⌠⌠.#...# # ..
#########''⌠P#
# # .#
#_#.#♣#.#@'⌠##
# ##...XX.X##.♣
# #
#P.#♣PXXd°#⌠#
##..#Λ#XX##.♣
#♣.♣/φX♣°♣#.♣
##.<#X#§.##⌠.
#P.⌠\P♣#wP#..
##∩..───.##.
+⌠#. ♣#.#_#


You could see 8 starcursed masses, a green draconian, 3 starflowers, a tentacled
starspawn and a starspawn tentacle.

Vanquished Creatures
  An ancient lich (Vaults:5)
  Saint Roka (Vaults:1)
  2 golden dragons (Vaults:5)
  A bone dragon (Abyss:1)
  3 liches
  6 tentacled monstrosities
  4 deep elf blademasters (Elf:3)
  2 deep elf master archers (Elf:3)
  5 tengu reavers
  3 sphinxes
  Kirke (Swamp:1)
  A shadow dragon (Vaults:5)
  A tentacled starspawn (Abyss:1)
  4 titans
  An ancient champion (Elf:3)
  2 thorn hunters (Swamp:4)
  The ghost of grumposus the Slicer, an adept VSVM of Uskayaw (Vaults:2)
  A storm dragon (Vaults:4)
  Roxanne (Swamp:4)
  The ghost of Vatovie the Impaler, a journeyman MiBe of Trog (Elf:3)
  2 emperor scorpions (Spider:4)
  2 fire giants
  19 vault wardens
  A frost giant (shapeshifter) (Vaults:3)
  9 deep elf sorcerers
  4 frost giants
  Louise (Spider:3)
  9 deep elf elementalists (Elf:3)
  An orc warlord (Vaults:2)
  4 ghost moths (Spider:4)
  2 ghouls (Swamp:3)
  A war gargoyle (Vaults:3)
  11 very ugly things
  18 ironbound preservers
  The ghost of Cicylist the Cleaver, a journeyman FoFi of Okawaru (D:14)
  5 broodmothers
  10 ironbound thunderhulks
  7 stone giants
  9 deep elf annihilators
  9 eleionomae
  5 deep elf demonologists
  Azrael (Orc:2)
  Nessos (D:15)
  2 bunyips (Swamp:2)
  4 dire elephants
  Snorg (Lair:4)
  4 spark wasps
  A crystal guardian (Vaults:3)
  8 ettins
  7 deep elf death magi (Elf:3)
  Josephine (D:12)
  22 yaktaur captains
  4 great orbs of eyes
  5 deep elf high priests
  4 entropy weavers
  2 shambling mangroves
  36 vault guards
  3 peacekeepers
  3 radroaches (Spider:4)
  21 hydras
  8 ironbound frosthearts
  10 centaur warriors
  4 ghost crabs
  An ogre mage (D:14)
  5 jorogumos
  6 boulder beetles
  16 death yaks
  11 two-headed ogres
  A two-headed ogre (shapeshifter) (Vaults:5)
  24 dancing weapons
  8 alligators
  3 orc high priests (Orc:2)
  5 thrashing horrors
  A shock serpent (shapeshifter) (D:14)
  A skyshark (Lair:5)
  13 deep elf knights
  2 wretched stars (Abyss:3)
  7 skeletal warriors
  5 pharaoh ants
  3 death drakes
  3 sun moths
  56 deep trolls
  10 goliath frogs
  8 deep elf archers
  4 glowing orange brains
  4 orb spiders
  6 wizards
  An orange crystal statue (Elf:1)
  4 steelbarb worms
  15 swamp dragons
  5 harpies
  6 bog bodies
  9 orc knights
  3 spriggan druids
  18 ironbound convokers
  16 lindwurms
  3 necromancers
  2 phantasmal warriors (Vaults:4)
  36 deep elf pyromancers
  15 wolf spiders
  7 orc sorcerers
  23 deep elf zephyrmancers
  A tengu skeleton (Vaults:2)
  18 ugly things
  6 cyclopes
  A manticore (D:12)
  A stone giant skeleton (Vaults:2)
  2 worldbinders
  5 will-o-the-wisps
  25 elephants
  4 moths of wrath
  A frost giant skeleton (Vaults:2)
  2 black mambas (Lair:2)
  2 gargoyles
  An eye of devastation (Lair:4)
  25 vault sentinels
  3 torpor snails
  2 smoke demons (Abyss:1)
  An ice statue (IceCv)
  3 centaur skeletons (D:14)
  3 kobold demonologists
  Maggie (D:7)
  2 elf skeletons
  A rime drake (shapeshifter) (D:13)
  11 rime drakes
  Psyche (D:9)
  4 demonic crawlers
  2 freezing wraiths
  An efreet (D:14)
  11 cane toads
  40 yaktaurs
  5 komodo dragons
  6 human skeletons
  A yaktaur skeleton (Vaults:2)
  8 polar bears
  14 trolls
  3 meliai (Spider:3)
  13 blink frogs
  12 tyrant leeches
  23 hornets
  20 tarantellas
  A raiju (Abyss:3)
  A dream sheep (Lair:5)
  23 jumping spiders
  A shadow (D:10)
  7 wraiths
  An ettin skeleton (Vaults:1)
  A ynoxinul (Elf:1)
  28 slime creatures
  5 air elementals
  22 spriggans
  3 wyverns
  29 yaks
  5 fire elementals (Orc:2)
  22 culicivoras
  3 basilisks
  3 water elementals
  5 hogs (Swamp:1)
  A golden eye (Abyss:3)
  2 steam dragons
  50 redbacks
  6 vampire mosquitoes
  11 large abominations
  A neqoxec (Abyss:1)
  Menkaure (D:5)
  Edmund (D:5)
  12 swamp worms
  2 wargs
  An acid dragon (D:14)
  3 hell hounds
  8 small abominations (Abyss:1)
  A floating eye (Lair:4)
  A floating eye (shapeshifter) (D:15)
  26 water moccasins
  An ogre skeleton (Vaults:2)
  7 swamp drakes
  A glowing shapeshifter skeleton (Vaults:2)
  20 orc warriors
  A sky beast (D:6)
  7 black bears
  An ice beast (D:7)
  17 boggarts
  14 centaurs
  41 wolves
  6 ogres
  A phantom (D:4)
  15 kobold brigands
  A necrophage (Swamp:3)
  3 scorpions (D:5)
  9 bullfrogs
  An earth elemental (Elf:1)
  9 gnoll sergeants
  18 wights
  A howler monkey (D:9)
  2 electric eels
  An iron imp (Abyss:3)
  5 hounds
  6 gnoll boudas (Bailey)
  3 jellies (D:6)
  21 orc priests
  22 starcursed masses
  Ijyb (D:3)
  A sleepcap (D:6)
  4 iguanas
  Terence (D:3)
  20 orc wizards
  6 hell rats (Lair:3)
  A boggart skeleton (D:14)
  25 gnolls
  13 adders
  16 river rats
  2 shadow imps
  3 white imps
  An ufetubus (Abyss:1)
  4 worms
  3 dart slugs
  58 orcs
  4 bats
  9 endoplasms
  2 giant cockroaches
  10 goblins
  11 hobgoblins
  2 jackals (D:3)
  15 kobolds
  10 quokkas
  5 ball pythons
  2 frilled lizards (D:2)
  22 rats
  4 starspawn tentacles
1751 creatures vanquished.

Vanquished Creatures (others)
  An alligator (Swamp:3)
  A thrashing horror (Abyss:3)
  A deep elf knight (Spider:1)
  A wizard (Vaults:4)
  A deep elf zephyrmancer (Elf:1)
  A hornet (Swamp:3)
  A bloated husk (Swamp:3)
  2 spriggans (Swamp:3)
  A slime creature (D:10)
  A boggart (Elf:1)
  A kobold (D:9)
  20 foxfires
  6 starspawn tentacles
38 creatures vanquished.

Grand Total: 1789 creatures vanquished

Notes
Turn   | Place    | Note
-------+----------+-------------------------------------------
     0 | D:1      | bmack86 the Minotaur Fighter began the quest for the Orb.
     0 | D:1      | Reached XP level 1. HP: 19/19 MP: 0/0
   259 | D:1      | Reached XP level 2. HP: 27/27 MP: 1/1
   738 | D:1      | Reached skill level 3 in Axes
  1089 | D:2      | Reached XP level 3. HP: 33/33 MP: 2/2
  1817 | D:3      | Noticed Terence
  1828 | D:3      | Killed Terence
  1829 | D:3      | Reached skill level 1 in Throwing
  1829 | D:3      | Reached XP level 4. HP: 38/40 MP: 3/3
  2049 | D:3      | Identified a scroll of acquirement
  2089 | D:3      | Acquired 755 gold pieces
  2124 | D:3      | Noticed Ijyb
  2136 | D:3      | Killed Ijyb
  2137 | D:3      | Reached skill level 4 in Axes
  2213 | D:3      | You fall into a shaft and drop 2 floors!
  2213 | D:5      | Entered Level 5 of the Dungeon
  2214 | D:5      | Noticed Edmund
  2218 | D:5      | Killed Edmund
  2219 | D:5      | Reached XP level 5. HP: 42/47 MP: 4/4
  2287 | D:5      | Noticed Menkaure
  2293 | D:5      | Reached XP level 6. HP: 7/53 MP: 5/5
  2293 | D:5      | Killed Menkaure
  2294 | D:5      | Reached skill level 5 in Axes
  2485 | D:4      | Reached skill level 5 in Fighting
  2485 | D:4      | Reached skill level 5 in Armour
  2485 | D:4      | Reached skill level 5 in Shields
  2585 | D:4      | Reached XP level 7. HP: 42/61 MP: 6/6
  2686 | D:3      | Found an ornate altar of the Wu Jian Council.
  3122 | D:4      | Found a snail-covered altar of Cheibriados.
  3131 | D:4      | Reached skill level 6 in Axes
  3305 | D:4      | Found an iron altar of Okawaru.
  3313 | D:4      | Became a worshipper of Warmaster Okawaru
  3744 | D:5      | Reached skill level 11 in Axes
  3744 | D:5      | Reached XP level 8. HP: 75/75 MP: 7/7
  4292 | D:5      | Identified the +1 robe "Cige Wuagaj" {rCorr MP-9 Archmagi}
  4440 | D:6      | Reached skill level 1 in Invocations
  4441 | D:6      | Reached * piety under Okawaru
  4443 | D:6      | Reached XP level 9. HP: 56/82 MP: 8/8
  4636 | D:6      | Found a glowing drain.
  4655 | Sewer    | Entered a sewer
  5610 | D:6      | Reached skill level 12 in Axes
  5921 | D:6      | Found a burning altar of Makhleb.
  6100 | D:7      | Found a flagged portal.
  6177 | Bailey   | Entered a bailey
  6358 | Bailey   | Reached XP level 10. HP: 91/91 MP: 10/10
  6367 | Bailey   | Reached ** piety under Okawaru
  6866 | D:7      | Noticed a soul eater
  6878 | D:7      | Noticed a soul eater
  7117 | D:7      | Found a staircase to the Ecumenical Temple.
  7123 | Temple   | Entered the Ecumenical Temple
  7259 | D:7      | Found a shadowy altar of Dithmenos.
  7481 | D:7      | Noticed Maggie
  7489 | D:7      | Killed Maggie
  7550 | D:8      | Reached *** piety under Okawaru
  7614 | D:8      | Found a white marble altar of Elyvilon.
  8279 | D:9      | Noticed a two-headed ogre
  8286 | D:9      | Killed a two-headed ogre
  8286 | D:9      | Received a gift from Okawaru
  8287 | D:9      | Reached skill level 13 in Axes
  8287 | D:9      | Reached skill level 5 in Throwing
  8287 | D:9      | Reached XP level 11. HP: 99/99 MP: 12/12
  8344 | D:9      | Noticed Psyche
  8360 | D:10     | Entered Level 10 of the Dungeon
  8401 | D:9      | Killed Psyche
  8443 | D:9      | Found a stormy altar of Qazlal.
  8522 | D:9      | Reached skill level 10 in Shields
  8736 | D:9      | Found a sacrificial altar of Ru.
  8799 | D:9      | Reached skill level 10 in Armour
  9435 | D:10     | Reached skill level 10 in Fighting
  9714 | D:10     | Noticed a boulder beetle
  9714 | D:10     | Noticed a tengu warrior
  9715 | D:10     | Noticed a boulder beetle
  9716 | D:10     | Noticed a deep elf pyromancer
  9757 | D:10     | Noticed a boulder beetle
  9852 | D:10     | Found a staircase to the Lair.
  9928 | D:10     | Reached **** piety under Okawaru
 10302 | D:10     | Reached skill level 1 in Evocations
 10391 | D:11     | Found a staircase to the Orcish Mines.
 10434 | D:11     | Found a portal to a secret trove of treasure.
 11094 | D:12     | Reached ***** piety under Okawaru
 11094 | D:12     | Received a gift from Okawaru
 11219 | D:12     | Noticed a green ugly thing
 11229 | D:12     | Killed a green ugly thing
 11270 | D:12     | Noticed a white ugly thing
 11270 | D:12     | Noticed a purple ugly thing
 11279 | D:12     | Reached skill level 14 in Axes
 11279 | D:12     | Reached skill level 5 in Invocations
 11282 | D:12     | Killed a white ugly thing
 11288 | D:12     | Killed a purple ugly thing
 11550 | D:12     | Noticed a boulder beetle
 11567 | D:12     | Killed a boulder beetle
 11568 | D:12     | Reached XP level 12. HP: 108/108 MP: 14/14
 11615 | D:12     | Acquired a +3 broad axe of pain
 11812 | D:12     | Noticed Josephine
 11827 | D:12     | Killed Josephine
 11827 | D:12     | Received a gift from Okawaru
 12391 | D:13     | Noticed a centaur warrior
 12404 | D:13     | Reached skill level 1 in Necromancy
 12408 | D:13     | Killed a centaur warrior
 12434 | D:13     | Noticed a two-headed ogre
 12438 | D:13     | Killed a two-headed ogre
 12438 | D:13     | Received a gift from Okawaru
 12761 | D:14     | Received a gift from Okawaru
 12991 | D:14     | Noticed a two-headed ogre
 12992 | D:14     | Noticed an ogre mage
 12995 | D:14     | Noticed a two-headed ogre
 12997 | D:14     | Noticed a two-headed ogre
 12998 | D:14     | Killed a two-headed ogre
 12998 | D:14     | Received a gift from Okawaru
 12999 | D:14     | Noticed a two-headed ogre
 13002 | D:14     | Killed an ogre mage
 13004 | D:14     | Noticed a two-headed ogre
 13006 | D:14     | Killed a two-headed ogre
 13009 | D:14     | Killed a two-headed ogre
 13016 | D:14     | Killed a two-headed ogre
 13020 | D:14     | Killed a two-headed ogre
 13035 | D:14     | Noticed a centaur warrior
 13040 | D:14     | Killed a centaur warrior
 13048 | D:14     | Noticed a centaur warrior
 13056 | D:14     | Killed a centaur warrior
 13057 | D:14     | Reached XP level 13. HP: 116/116 MP: 16/16
 13099 | D:14     | Reached ****** piety under Okawaru
 13100 | D:14     | Reached skill level 15 in Axes
 13180 | D:14     | Received a gift from Okawaru
 13551 | D:14     | Found a gate to the Vaults.
 13604 | D:14     | Identified the +3 scale mail "Ruddet" {rCorr}
 13643 | D:14     | Noticed Cicylist's ghost (journeyman FoFi)
 13644 | D:14     | Found a transporter.
 13644 | D:14     | Identified the +10 great mace of Nachenew {freeze, rPois
                  | rC+ Will+}
 13644 | D:14     | Noticed a frost giant
 13645 | D:14     | Found a transporter.
 13645 | D:14     | Noticed an ettin
 13792 | D:14     | Found a corrupted altar of Lugonu.
 13795 | D:14     | Noticed a red very ugly thing
 13797 | D:14     | Identified the ring of the Original Sin {rC+ Will+ SInv}
 13967 | D:14     | Found a transporter.
 13967 | D:14     | Found a transporter.
 14110 | Lair:1   | Entered Level 1 of the Lair of Beasts
 14345 | Lair:1   | Identified the +1 ring mail "Boalenna" {Rampage rF+ Regen+}
                  | (Okawaru gifted it to you on level 1 of the Lair of Beasts)
 14345 | Lair:1   | Received a gift from Okawaru
 14564 | Lair:1   | Identified the +0 chain mail of the Great Game {Will+}
 14969 | Lair:2   | Found a hole to the Spider Nest.
 15210 | Lair:2   | Identified the +1 leather armour of the Foremost Portals
                  | {Contam rN++}
 15216 | Lair:2   | Found a staircase to the Swamp.
 15590 | Lair:3   | Found a frozen archway.
 15609 | IceCv    | Entered an ice cave
 15640 | IceCv    | Received a gift from Okawaru
 15642 | IceCv    | Reached XP level 14. HP: 83/127 MP: 18/18
 16104 | IceCv    | Noticed a frost giant
 16118 | Arena    | Entered the Arena
 16125 | Arena    | Killed a frost giant
 16166 | IceCv    | Reached skill level 16 in Axes
 16420 | Lair:3   | Received a gift from Okawaru
 16471 | Lair:3   | Reached skill level 5 in Evocations
 16519 | Lair:3   | Acquired the ring "Mego" {rF+ rCorr}
 16548 | Lair:3   | Identified the +0 ring mail "Viuvvydo" {rCorr Str+4}
 16628 | Lair:3   | Identified the +3 leather armour of the Saviour {Harm rPois
                  | rF+ Str+2}
 17485 | Lair:4   | Received a gift from Okawaru
 17517 | Lair:4   | Noticed Snorg
 17535 | Lair:4   | Killed Snorg
 17756 | Lair:4   | Received a gift from Okawaru
 17977 | Lair:4   | Found a snail-covered altar of Cheibriados.
 18008 | Lair:4   | Found a viscous altar of Jiyva.
 18009 | Lair:4   | Found a staircase to the Slime Pits.
 18013 | Lair:4   | Paralysed by a floating eye for 3 turns
 18083 | Lair:4   | Acquired the ring of Voliv {Str+3 Dex+3 SInv}
 18181 | Lair:5   | Entered Level 5 of the Lair of Beasts
 18462 | Lair:5   | Reached XP level 15. HP: 137/137 MP: 19/19
 19016 | Lair:5   | Received a gift from Okawaru
 19053 | Lair:5   | Received a gift from Okawaru
 19280 | Lair:5   | Identified the +6 battleaxe "Caxagu" {drain, Will- Str+4}
                  | (Okawaru gifted it to you on level 5 of the Lair of Beasts)
 19280 | Lair:5   | Received a gift from Okawaru
 19672 | Orc:1    | Entered Level 1 of the Orcish Mines
 19756 | Orc:1    | You fall into a shaft and drop 1 floor!
 19756 | Orc:2    | Entered Level 2 of the Orcish Mines
 19756 | Orc:2    | Found a staircase to the Elven Halls.
 20033 | Orc:2    | Noticed Azrael
 20045 | Orc:2    | Killed Azrael
 20779 | Orc:2    | Found Zahel's Antique Weapon Shop.
 20779 | Orc:2    | Found Duux's Assorted Antiques.
 20802 | Orc:2    | Reached skill level 17 in Axes
 21152 | Orc:2    | Found Cuame's Jewellery Emporium.
 21152 | Orc:2    | Found Ciamikli's Antique Weapon Emporium.
 21236 | Orc:2    | Bought a scroll of poison for 116 gold pieces
 21236 | Orc:2    | Bought a potion of invisibility for 232 gold pieces
 21754 | D:14     | Received a gift from Okawaru
 21760 | D:14     | Killed a frost giant
 21769 | D:14     | Killed Cicylist's ghost
 21991 | D:15     | Entered Level 15 of the Dungeon
 22024 | D:15     | Received a gift from Okawaru
 22109 | D:15     | Found a staircase to the Depths.
 22234 | D:15     | Reached XP level 16. HP: 146/147 MP: 21/21
 22241 | D:15     | Received a gift from Okawaru
 22586 | D:15     | Found Lotit's Armour Shoppe.
 22595 | D:15     | Bought a +2 pair of boots of flying for 236 gold pieces
 22927 | D:15     | Noticed Nessos
 22933 | D:15     | Killed Nessos
 23212 | Swamp:1  | Entered Level 1 of the Swamp
 23317 | Swamp:1  | Reached skill level 15 in Fighting
 23344 | Swamp:1  | Received a gift from Okawaru
 23345 | Swamp:1  | Reached skill level 15 in Shields
 23490 | Swamp:1  | Reached skill level 15 in Armour
 23788 | Swamp:1  | Noticed Kirke
 23803 | Swamp:1  | Killed Kirke
 24034 | Swamp:2  | Identified the +4 chain mail "Wacaej" {rC+}
 24718 | Swamp:2  | Reached skill level 5 in Necromancy
 24940 | Swamp:2  | Identified the +0 helmet "Zayrrey" {Str+5}
 25090 | Swamp:2  | Reached skill level 18 in Axes
 25679 | Swamp:3  | Received a gift from Okawaru
 26039 | Swamp:3  | Identified the staff of poison "Peozuo Wauka" {rPois Str+2}
 26048 | Swamp:3  | Acquired 1241 gold pieces
 26610 | Swamp:4  | Entered Level 4 of the Swamp
 26650 | Swamp:4  | Received a gift from Okawaru
 26655 | Swamp:4  | Noticed Roxanne
 26670 | Swamp:4  | Received a gift from Okawaru
 26677 | Swamp:4  | Received a gift from Okawaru
 26678 | Swamp:4  | Reached XP level 17. HP: 101/157 MP: 22/22
 27039 | Swamp:4  | Reached skill level 10 in Throwing
 27071 | Swamp:4  | Killed Roxanne
 27071 | Swamp:4  | Received a gift from Okawaru
 27172 | Swamp:4  | Received a gift from Okawaru
 27284 | Swamp:4  | Noticed a tentacled monstrosity
 27295 | Swamp:4  | Killed a tentacled monstrosity
 27326 | Swamp:4  | Got a decaying rune of Zot
 27885 | Spider:1 | Entered Level 1 of the Spider Nest
 28122 | Spider:4 | Entered Level 4 of the Spider Nest
 28557 | Spider:4 | Found a transporter.
 28558 | Spider:4 | Noticed themargong's ghost (adept BaSu)
 28559 | Spider:4 | Found a transporter.
 28640 | Spider:4 | Reached skill level 10 in Invocations
 28652 | Spider:4 | Received a gift from Okawaru
 29089 | Spider:4 | Got a gossamer rune of Zot
 29274 | Spider:3 | Received a gift from Okawaru
 29407 | Spider:3 | Acquired 964 gold pieces
 29446 | Spider:3 | Received a gift from Okawaru
 29447 | Spider:3 | Reached XP level 18. HP: 152/168 MP: 24/24
 29477 | Spider:3 | Noticed Louise
 29503 | Spider:3 | Killed Louise
 29827 | Spider:3 | Reached skill level 19 in Axes
 30171 | Spider:3 | Received a gift from Okawaru
 31692 | Spider:1 | Identified the +2 cloak of the Ward {rC+ Dex+3} (Okawaru
                  | gifted it to you on level 1 of the Spider Nest)
 31692 | Spider:1 | Received a gift from Okawaru
 32284 | Vaults:1 | Entered Level 1 of the Vaults
 32706 | Vaults:1 | Found Ronlat's Book Shoppe.
 33176 | Vaults:1 | Found Ylurchuit's Assorted Antiques.
 33250 | Vaults:1 | Found Zuliun's General Store.
 33253 | Vaults:1 | Bought a potion of curing for 48 gold pieces
 33253 | Vaults:1 | Bought a wand of iceblast (4) for 153 gold pieces
 33253 | Vaults:1 | Bought a wand of iceblast (7) for 268 gold pieces
 33253 | Vaults:1 | Bought a wand of polymorph (4) for 89 gold pieces
 34160 | Vaults:1 | Noticed Saint Roka
 34190 | Vaults:1 | Killed Saint Roka
 34190 | Vaults:1 | Received a gift from Okawaru
 34774 | Vaults:2 | Reached XP level 19. HP: 117/177 MP: 26/26
 34968 | Vaults:2 | Identified the +2 hat of Cynicism {rPois} (Okawaru gifted
                  | it to you on level 2 of the Vaults)
 34968 | Vaults:2 | Received a gift from Okawaru
 35633 | Vaults:2 | Reached skill level 20 in Axes
 35891 | Vaults:2 | Found a staircase to the Crypt.
 36366 | Vaults:2 | Found a large runed translucent door.
 36366 | Vaults:2 | Found a large runed translucent door.
 36367 | Vaults:2 | Noticed grumposus's ghost (adept VSVM)
 36394 | Vaults:2 | Killed grumposus's ghost
 36405 | Vaults:2 | Identified the staff of fire "Yzaot" {rF+ rC- Will+ Str+6}
 36778 | Vaults:2 | Identified the +5 rapier of Miuttes {holy, *Noise MP+9
                  | Int+2}
 37415 | Vaults:3 | Received a gift from Okawaru
 37677 | Vaults:3 | Received a gift from Okawaru
 38150 | Vaults:3 | Got the Secrets of Turbulence
 38756 | Vaults:3 | Reached XP level 20. HP: 189/189 MP: 28/28
 38904 | Vaults:4 | Received a gift from Okawaru
 39244 | Vaults:4 | Received a gift from Okawaru
 39630 | Vaults:4 | Received a gift from Okawaru
 40055 | Vaults:4 | Identified the +7 war axe of the Spheres {venom, Stlth+}
 40073 | Vaults:4 | Found a transporter.
 40073 | Vaults:4 | Found a transporter.
 40194 | Vaults:4 | Received a gift from Okawaru
 40202 | Vaults:4 | HP: 7/180 [ettin/+0 dire flail (24)]
 40211 | Vaults:4 | Identified the +1 hat "Timmuss" {rPois} (Okawaru gifted it
                  | to you on level 4 of the Vaults)
 40211 | Vaults:4 | Received a gift from Okawaru
 40212 | Vaults:4 | HP: 9/184 [vault warden/+3 glaive of flaming (8)]
 40521 | Vaults:4 | Identified the +1 pair of gloves of Dizxudoi {rC+ Str-3
                  | Dex+5}
 40638 | Vaults:4 | Reached skill level 21 in Axes
 40994 | Elf:1    | Entered Level 1 of the Elven Halls
 41464 | Abyss:1  | Cast into level 1 of the Abyss (deep elf zephyrmancer)
 41681 | Abyss:1  | Paralysed by accursed screaming for 1 turns
 41685 | Abyss:1  | Noticed a bone dragon
 41707 | Abyss:1  | Killed a bone dragon
 41721 | Abyss:1  | Received a gift from Okawaru
 41722 | Abyss:1  | Noticed a bone dragon
 41728 | Elf:1    | Escaped the Abyss
 42079 | Elf:1    | Paralysed by an air elemental for 1 turns
 42083 | Elf:1    | Paralysed by an air elemental for 1 turns
 42088 | Elf:1    | Paralysed by an air elemental for 1 turns
 42499 | Elf:1    | You are sucked into a shaft and drop 1 floor!
 42614 | Elf:1    | Found Fereico Ynuck's Antique Weapon Shop.
 43476 | Elf:2    | Identified the +5 leather armour "Senolonoe" {Rampage SInv}
 43516 | Elf:2    | Found a runed translucent gate.
 43516 | Elf:2    | Found a runed translucent gate.
 43517 | Elf:2    | Found a runed translucent gate.
 43587 | Elf:2    | Received a gift from Okawaru
 43630 | Elf:2    | Reached XP level 21. HP: 168/199 MP: 21/30
 44785 | Elf:3    | Entered Level 3 of the Elven Halls
 44839 | Elf:3    | Reached skill level 10 in Necromancy
 44954 | Elf:3    | Noticed Vatovie's ghost (journeyman MiBe)
 44973 | Elf:3    | Found a runed translucent door.
 45005 | Elf:3    | Killed Vatovie's ghost
 45029 | Elf:3    | Got the Handbook of Silt
 45321 | Elf:3    | Found Gogial's Armour Emporium.
 45323 | Elf:3    | Paralysed by an air elemental for 1 turns
 45328 | Elf:3    | Paralysed by an air elemental for 1 turns
 45370 | Elf:3    | Paralysed by an air elemental for 1 turns
 45373 | Elf:3    | Paralysed by an air elemental for 1 turns
 45795 | Elf:3    | Received a gift from Okawaru
 46354 | Elf:3    | Identified the +7 scimitar "Zarosai" {flame, Will+ Str-2
                  | Int+3 SInv}
 46399 | Elf:3    | Identified the +0 morningstar "Rylerit" {antimagic, Stlth+}
 46425 | Elf:3    | Received a gift from Okawaru
 46898 | Elf:3    | Received a gift from Okawaru
 46928 | Elf:3    | Identified the +8 battleaxe of Neurosis {vamp, rElec Dex+3}
 46936 | Elf:3    | Found the +3 crown of Dyrovepreva {rElec Int+2 SInv}
 46946 | Elf:3    | Found the +27 heavy crossbow "Sniper" {heavy, Acc+∞ SInv}
 46948 | Elf:3    | Found the dreamshard necklace {*Dream Drain}
 46950 | Elf:3    | Identified the ring "Vavuil" {rPois Will+++ Str-3 Int+6}
 46961 | Elf:3    | Identified the ring of Disaster {Ice Str+5 Stlth-}
 46963 | Elf:3    | Identified the amulet of Amaec {Spirit rPois Dex+2}
 47246 | Elf:3    | Identified the scarf of Migad {harm, Dex+3}
 47292 | Elf:3    | Identified the staff of air "Unwu" {rElec rF+ rN+}
 47297 | Elf:3    | Got Racrowk's Octavo of Lightning and the Curse
 47308 | Elf:3    | Identified the +9 longbow of Insufficient Pleasure
                  | {antimagic, rF+ Will++ Str+3}
 48005 | Vaults:5 | Entered Level 5 of the Vaults
 48018 | Vaults:5 | Noticed an ancient lich
 48038 | Vaults:5 | Reached skill level 22 in Axes
 48047 | Vaults:5 | Reached XP level 22. HP: 24/209 MP: 0/31
 48050 | Vaults:5 | Killed an ancient lich
 48410 | Vaults:4 | Paralysed by a sphinx for 4 turns
 49264 | Vaults:5 | Received a gift from Okawaru
 49499 | Vaults:5 | Noticed a golden dragon
 49510 | Vaults:5 | Killed a golden dragon
 49511 | Vaults:5 | Reached skill level 15 in Invocations
 49769 | Vaults:5 | Noticed a golden dragon
 49780 | Vaults:5 | Killed a golden dragon
 50052 | Abyss:3  | Found a corrupted altar of Lugonu.
 50052 | Abyss:3  | Cast into level 3 of the Abyss (vault warden)
 50084 | Abyss:3  | Found a corrupted altar of Lugonu.
 50184 | Abyss:3  | Paralysed by an air elemental for 1 turns
 50242 | Abyss:3  | Found a corrupted altar of Lugonu.
 50263 | Abyss:3  | Found a corrupted altar of Lugonu.
 50318 | Abyss:3  | Found a corrupted altar of Lugonu.
 50318 | Abyss:3  | Found a corrupted altar of Lugonu.
 50323 | Abyss:3  | Paralysed by accursed screaming for 2 turns
 50334 | Abyss:3  | Paralysed by accursed screaming for 2 turns
 50340 | Abyss:3  | HP: 14/316 [starflower (10)]
 50343 | Abyss:3  | HP: 5/316 [starflower (11)]
 50346 | Abyss:3  | HP: 1/316 [starflower (3)]
 50346 | Abyss:3  | Mangled by a starflower

Illustrated notes

Levels and vault maps discovered:
D:1:      dpeg_arrival_erosion, layout_basic
D:2:      layout_basic, minmay_tripent
D:3:      layout_loops_ring, nicolae_wu_jian_wuxing_cycle, serial_bayou_pond_d,
          uniq_ijyb, uniq_terence
D:4:      layout_basic, lemuel_round_altar, kennysheep_slug_shrine,
          minmay_misc_feat_hallway, nicolae_kite_square_tiling_tiny
D:5:      layout_loops_corners, uniq_menkaure, uniq_edmund
D:6:      layout_loops_ring, kennysheep_mini, portal_sewer_entry_c,
          hangedman_decor_lopped, serial_bayou_crossing
D:7:      layout_loops_ring, old_standard_altar, temple_green, enter_bailey_3,
          serial_park_tiny_2, uniq_maggie
D:8:      layout_gridville, elyvilon_altar_4
D:9:      layout_basic, mainiacjoe_overflow_24_doors,
          mainiacjoe_overflow_catwalk, chequers_serial_rivers_small_a,
          uniq_psyche
D:10:     layout_grid_maze, due_lair_maze_entry_diamond, minivault_12
D:11:     layout_roguey, orc_0_dummy, enter_trove_3
D:12:     layout_basic, uniq_josephine
D:13:     layout_gridville
D:14:     gammafunk_corrupted_shrine, layout_loops_ring,
          hangedman_vaults_entry_quadrant_bands, hangedman_decor_growths,
          gammafunk_ghost_smash
D:15:     hangedman_depths_entry_civil_slaughter, layout_stronghold,
          serial_shops, shop, uniq_nessos
Temple:   eino_narrow_crystal_temple
Lair:1:   layout_long_grid, grunt_megastairs_3
Lair:2:   layout_hall_layers, swamp_mist, nicolae_spider_entry_lesser_pyramids,
          worms_lemuel
Lair:3:   lemuel_ratsnest, layout_small_grid, portal_ice_cave_rime,
          beast_lair_carwin_10, infiniplex_staircase_pool_2
Lair:4:   layout_misc_corridors, minmay_slime_entry_eyes, basic_altar,
          uniq_snorg
Lair:5:   minmay_lair_end_enchanted_forest, layout_concentric_octagons,
          nicolae_lair_lil_pond
Swamp:1:  layout_basic_swamp, serial_swamp_ruin, evilmike_swamp_ruin_rubble_1,
          evilmike_swamp_ruin_house_6, uniq_kirke
Swamp:2:  nicolae_swamp_wrong_neighborhood, layout_basic_swamp,
          evilmike_swamp_ruin_house_5, swamp_pool3,
          nicolae_swamp_stuck_in_the_mud
Swamp:3:  layout_basic_swamp, nicolae_swamp_small_spring
Swamp:4:  swamp_alternative, layout_basic_swamp, uniq_roxanne
Spider:1: layout_spider_delve, beargit_elvish_explorers
Spider:2: layout_spider_delve
Spider:3: nicolae_spider_hilbert_zone_5 [nicolae_spider_hilbert_3_sides_1_open,
          nicolae_spider_hilbert_4_sides_1_open,
          nicolae_spider_hilbert_4_sides_1_open,
          nicolae_spider_hilbert_6_sides_1_open,
          nicolae_spider_hilbert_6_sides_1_open], uniq_louise
Spider:4: spider_rune_water, gammafunk_ghost_arena
Orc:1:    layout_diamond_mine
Orc:2:    st_orc_elflike, layout_diamond_mine, uniq_azrael
Elf:1:    nicolae_elf_arrival_fired_up, layout_loops_cross, serial_shops, shop,
          hangedman_elf_disciples, minivault_16, dreamdust_princess_corridor,
          palyth_stone_intersect
Elf:2:    nicolae_elf_blades_splatter_lattice [infiniplex_blade_entry_pillars],
          layout_geoelf_grid, minivault_23
Elf:3:    minmay_elf_hall_four_x, layout_onion_city, serial_shops, shop,
          hellmonk_ghost_big_iron, dreamdust_wishing_well
Vaults:1: v_alt_pattern_1, nicolae_vaults_inception_statues,
          nicolae_vaults_bisected_slash, nicolae_vaults_thirteen_compartments,
          ontoclasm_vaults_tryst, ontoclasm_vaults_misaligned,
          nicolae_vaults_house_1, nicolae_vaults_closet_pinwheel_5,
          nicolae_vaults_little_squares_3, v_misc_28,
          nicolae_vaults_apartment_1, nicolae_vaults_little_squares_1,
          layout_vaults_chaotic_city, serial_shops, shop, shop_fountains,
          nicolae_shop_tiny_real_fake_doors, uniq_saint_roka
Vaults:2: ebering_ghost_disaster_area, v_misc_1, vaults_room_octagon,
          grunt_vaults_hallway_short, minmay_crypt_entry_skeletal_spiral,
          nicolae_vaults_weapon_check, vaults_dpeg_doors,
          ontoclasm_vaults_shuriken, grunt_vaults_focal,
          nicolae_vaults_network_square, vaults_standard_mumra_x,
          nicolae_vaults_little_ls, nicolae_vaults_diagonal_hallway_8,
          nicolae_vaults_diagonal_hallway_8, vaults_room_corners,
          layout_vaults_omnicross
Vaults:3: nicolae_vaults_storage_closets_2, nicolae_vaults_display_case,
          dpeg_vaults_monster_row, nicolae_vaults_stepped_doors, v_misc_16,
          v_misc_4, v_misc_11, nicolae_vaults_house_2,
          nicolae_vaults_closet_pinwheel_1, nicolae_vaults_trapezoid_lopsided_1,
          layout_vaults_ring
Vaults:4: nicolae_vaults_closet_pinwheel_2, nicolae_vaults_little_squares_6,
          nicolae_vaults_mitosis, nicolae_vaults_house_1,
          nicolae_vaults_oval_intersection, nicolae_vaults_shelves_hall,
          gammafunk_the_bubble [the_bubble_gammafunk_split],
          nicolae_vaults_trapezoid_4, nicolae_vaults_border_crossing,
          nicolae_vaults_offset_grid_hallway_4, hangedman_vaults_variations,
          v_misc_18, vaults_mumra_hex, v_misc_14, layout_vaults_maze_bifur
Vaults:5
Abyss:3:  base: Spider:1, hangedman_abyss_overflow_altar,
          guppyfry_abyss_exit_imp_island, onia_ninara_dug_in_and_dangerous,
          hangedman_abyss_mock_shop, minivault_27, spicy_pingpong_abyss_rune

Skill      XL: |  1  2  3  4  5  6  7  8  9 10 11 12 13 14 15 16 17 18 19 20 21 22 |
---------------+-------------------------------------------------------------------+-----
Axes           | 3 4 5 11 12 13 14 15 16 17 18 19 20 21 22 | 22.5
Shields        | 4 5 8 9 10 11 12 13 14 15 16 17 18 19 20 | 20.5
Fighting       | 4 5 8 9 10 11 12 13 14 15 16 17 18 19 20 | 20.9
Armour         | 4 5 8 9 10 11 12 13 14 15 16 17 18 19 20 | 20.8
Throwing       | 1 2 3 4 5 6 7 8 9 10 | 10.0
Invocations    | 1 2 3 5 6 7 8 9 10 11 12 13 14 15 | 15.0
Evocations     | 2 3 4 5 6 7 8 |  8.0
Necromancy     | 1 2 3 4 5 6 7 8 9 10 11 | 11.2

Action                     |  1- 3 |  4- 6 |  7- 9 | 10-12 | 13-15 | 16-18 | 19-21 | 22-24 || total
---------------------------+-------+-------+-------+-------+-------+-------+-------+-------++-------
  Melee: War axe           |    76 |    58 |   242 |   388 |       |       |       |       ||   764
         Headbutt          |    10 |     7 |    36 |   115 |   197 |   294 |   353 |    85 ||  1097
         Unarmed           |       |       |       |     1 |       |       |       |       ||     1
         Broad axe         |       |       |       |   119 |   839 |  1156 |  1238 |   244 ||  3596
         Hand axe          |       |       |       |       |    11 |       |       |       ||    11
  Throw: Boomerang         |     2 |     6 |    17 |     3 |    12 |   143 |   110 |    11 ||   304
         Javelin           |       |       |       |       |       |     8 |    11 |       ||    19
 Invoke: Heroism           |       |       |     3 |     9 |    13 |    16 |    12 |     9 ||    62
         Finesse           |       |       |       |     2 |     6 |    12 |    12 |     1 ||    33
         Duel              |       |       |       |       |     1 |       |       |       ||     1
  Evoke: Wand              |       |       |       |     1 |       |       |       |       ||     1
         Lightning rod     |       |       |       |     4 |     5 |       |       |     2 ||    11
    Use: Scroll            |    10 |     4 |     9 |    17 |    15 |    10 |     9 |       ||    74
         Potion            |       |     2 |     3 |       |       |     3 |    10 |     1 ||    19
 Armour: Scale mail        |    37 |    33 |    22 |       |       |       |       |       ||    92
         Plate armour      |       |       |    89 |    72 |       |       |       |       ||   161
         Gold dragon scale |       |       |       |   201 |   429 |   682 |   559 |   219 ||  2090
  Dodge: Dodged            |    39 |    25 |    68 |   226 |   301 |   223 |   169 |    57 ||  1108
  Block: Buckler           |    18 |     4 |       |       |       |       |       |       ||    22
         Kite shield       |       |    23 |   128 |   311 |   196 |       |       |       ||   658
         Tower shield      |       |       |       |       |   556 |  1067 |   995 |   323 ||  2941
